 Dungeon Crawl Stone Soup version 0.31-a0-881-ge136f0c47a (webtiles) character file.

Game seed: 4236919790251311139

123 pokeman the Magician (level 4, 0/25 HPs)
             Began as a Deep Elf Hedge Wizard on Oct 15, 2023.
             Killed by nerve-wracking pain
             ... invoked by Menkaure
              (3 damage)
             ... on level 4 of the Dungeon on Oct 16, 2023.
             The game lasted 00:04:14 (3494 turns).

pokeman the Magician (Deep Elf Hedge Wizard)        Turns: 3494, Time: 00:04:15

Health: 0/25       AC:  3    Str:  7    XL:     4   Next: 80%
Magic:  7/13       EV: 12    Int: 21    God:
Gold:   160        SH:  0    Dex: 14    Spells: 6/14 levels left

rFire   . . .        s - +4 quarterstaff (chaos)
rCold   . . .        (shield currently unavailable)
rNeg    . . .        b - +0 robe
rPois   .            c - +0 hat
rElec   .            t - +0 cloak
rCorr   +            (no gloves)
SInv    .            (no boots)
Will    .....        (no amulet)
Stlth   ++           q - ring of flight
HPRegen 0.24/turn    u - ring of resist corrosion
MPRegen 0.13/turn

%: no passive effects
@: flying
A: no striking features
a: no special abilities


You were on level 4 of the Dungeon.
You visited 1 branch of the dungeon, and saw 4 of its levels.

You collected 160 gold pieces.

Inventory:

Hand Weapons
 s - a +4 quarterstaff of chaos (weapon)
Armour
 b - a +0 robe (worn)
 c - a +0 hat (worn)
 t - a +0 cloak (worn)
Magical Staves
 j - a staff of fire
 p - a staff of death
Jewellery
 m - an amulet of faith
 q - a ring of flight (left hand)
 u - a ring of resist corrosion (right hand)
Wands
 v - a wand of charming (13)
Scrolls
 a - 2 scrolls of revelation {unknown}
 g - a scroll of enchant weapon {unknown}
 h - 2 scrolls of summoning {unknown}
 l - 3 scrolls of fog {unknown}
 o - 3 scrolls of identify {unknown}
Potions
 d - 3 potions of magic
 e - a potion of resistance {unknown}
 f - a potion of haste {unknown}
 i - a potion of attraction {unknown}
 k - a potion of might {unknown}
 n - a potion of invisibility {unknown}
 r - a potion of heal wounds {unknown}


   Skills:
 - Level 1.0 Fighting
 - Level 1.0 Armour
 + Level 2.8 Dodging
 + Level 2.9 Stealth
 * Level 5.9 Spellcasting
 + Level 2.5 Conjurations
 - Level 1.1 Summonings
 - Level 1.1 Translocations


You had 6 spell levels left.
You knew the following spells:

 Your Spells              Type           Power      Damage    Failure   Level
a - Magic Dart            Conj           64%        1d6       3%          1
b - Mephitic Cloud        Conj/Pois/Air  9%         N/A       22%         3
c - Call Imp              Summ           20%        N/A       10%         2
d - Blink                 Tloc           20%        N/A       10%         2

Your spell library contained the following spells:

 Spells                   Type           Power      Damage    Failure   Level
 Necrotise                Necr           24%        1d5       10%         1
 Slow                     Hex            24%        N/A       10%         1
 Cigotuvi's Dreadful Rot  Necr/Pois/Air  12%        N/A       16%         2
 Ensorcelled Hibernation  Hex/Ice        12%        N/A       16%         2
 Jinxbite                 Hex            12%        N/A       16%         2
 Vampiric Draining        Necr           6%         2d6       30%         3
 Anguish                  Hex/Necr       3%         N/A       69%         4
 Agony                    Necr           6%         N/A       95%         5


Dungeon Overview and Level Annotations

Branches:
Dungeon (4/15)
 Temple: D:4-7

Altars:
Makhleb

Annotations:
D:1 Gold behind fire
D:4 Menkaure


Message History

Your cerulean imp disappears in a puff of smoke!
Casting: Call Imp (safe; 10% risk of failure)
Confirm with . or Enter, or press ? or * to list all spells.
Aiming: Magic Dart (safe; 3% risk of failure)
Press: ? - help, Shift-Dir - straight line, f/p - Menkaure
Aim: Menkaure (moderately damaged, 100% to hit)
The magic dart hits Menkaure.
Menkaure is heavily damaged.
Unknown command.
Casting: Magic Dart (safe; 3% risk of failure)
Confirm with . or Enter, or press ? or * to list all spells.
Aiming: Magic Dart (safe; 3% risk of failure)
Press: ? - help, Shift-Dir - straight line, f/p - Menkaure
Aim: Menkaure (heavily damaged, 100% to hit)
The magic dart hits Menkaure but does no damage.
Menkaure is heavily damaged.
Unknown command.
Casting: Magic Dart (safe; 3% risk of failure)
Confirm with . or Enter, or press ? or * to list all spells.
Aiming: Magic Dart (safe; 3% risk of failure)
Press: ? - help, Shift-Dir - straight line, f/p - Menkaure
Aim: Menkaure (heavily damaged, 100% to hit)
The magic dart hits Menkaure.
Menkaure is heavily damaged.
Unknown command.
You closely miss Menkaure.
Menkaure is heavily damaged.
Menkaure barely misses you. Menkaure hits you!
Ouch! That really hurt!
* * * LOW HITPOINT WARNING * * *
Unknown command.
You thump Menkaure!
Menkaure is almost destroyed.
Menkaure calls on the powers of darkness!
You feel a surge of unholy energy.
You barely miss Menkaure.
Menkaure is almost destroyed.
Menkaure gestures at you while chanting.
Pain shoots through your body!
You die...

### #.###
#...#
#.#@#
#<#M#
###.# #
........#
#.
###.#####
#. #. #.
#. #.


You could see Menkaure.

Vanquished Creatures
  Crazy Yiuf (D:3)
  4 adders
  An adder zombie (D:2)
  An adder skeleton (D:2)
  A worm (D:2)
  A dart slug (D:1)
  An orc (D:3)
  5 bats
  A bat skeleton (D:2)
  A bat zombie (D:2)
  6 endoplasms
  2 giant cockroaches
  2 goblins
  4 quokkas
  4 ball pythons
  A ball python skeleton (D:2)
  3 frilled lizards
  6 kobolds
  A quokka zombie (D:2)
  2 rats
48 creatures vanquished.

Vanquished Creatures (others)
  An endoplasm (D:1)
1 creature vanquished.

Grand Total: 49 creatures vanquished

Notes
Turn   | Place    | Note
-------+----------+-------------------------------------------
     0 | D:1      | pokeman the Deep Elf Hedge Wizard began the quest for the
                  | Orb.
     0 | D:1      | Reached XP level 1. HP: 10/10 MP: 7/7
   440 | D:1      | Reached XP level 2. HP: 16/16 MP: 1/9
  1159 | D:1      | Reached skill level 5 in Spellcasting
  1504 | D:2      | Reached XP level 3. HP: 18/20 MP: 4/11
  1508 | D:2      | Learned a level 3 spell: Mephitic Cloud
  1511 | D:2      | Learned a level 2 spell: Call Imp
  1514 | D:2      | Learned a level 2 spell: Blink
  1972 | D:2      | Reached skill level 1 in Fighting
  1998 | D:2      | Reached skill level 1 in Armour
  2389 | D:2      | Reached XP level 4. HP: 25/25 MP: 11/13
  2707 | D:3      | Found a runed translucent door.
  2708 | D:3      | Noticed Crazy Yiuf
  2722 | D:3      | Killed Crazy Yiuf
  2936 | D:3      | Found a burning altar of Makhleb.
  3403 | D:4      | Noticed an ice beast
  3483 | D:4      | Noticed Menkaure
  3494 | D:4      | Killed from afar by Menkaure

Illustrated notes

Levels and vault maps discovered:
D:1:      spicycebolla_arrival_ecumenical, layout_basic, lemuel_flame_loot_1
D:2:      layout_basic, serial_undead, serial_undead_a, serial_undead_a,
          serial_undead_e, serial_undead_f, serial_undead_e, serial_undead_d,
          serial_undead_d, minmay_misc_feat_iff, minmay_bisected
D:3:      layout_rooms, mainiacjoe_overflow_concentric_impassable,
          hangedman_abyss_or_decor_stabs, dk_noncrumbling_3,
          uniq_crazy_yiuf_cottage
D:4:      layout_basic, mainiacjoe_overflow_brackets,
          dreamdust_mushroom_princess, minmay_manual_monstrance, uniq_pikel,
          uniq_menkaure, uniq_duvessa

Skill      XL: |  1  2  3 |
---------------+----------+-----
Spellcasting   | 5 |  5.9
Fighting       | 1 |  1.0
Armour         | 1 |  1.0
Conjurations   | 2 |  2.5
Dodging        | |  2.8
Stealth        | |  2.9
Summonings     | |  1.1
Translocations | |  1.1

Action                     |  1- 3 |  4- 6 || total
---------------------------+-------+-------++-------
  Melee: Short sword       |     5 |     2 ||     7
         Quarterstaff      |       |     6 ||     6
   Cast: Magic Dart        |   125 |    41 ||   166
         Mephitic Cloud    |       |     1 ||     1
         Call Imp          |       |     1 ||     1
   Stab: Confused          |       |     1 ||     1
 Armour: Robe              |    30 |     6 ||    36
  Dodge: Dodged            |    29 |    10 ||    39

Table legend: (Time is in decaauts)
 A = Elapsed time spent in this place.
 B = Non-inter-level travel time spent in this place.
 C = Inter-level travel time spent in this place.
 D = Time resting spent in this place.
 E = Time spent auto-exploring this place.
 F = Levels seen in this place.
 G = Mean time per level.
                   A        B        C        D        E       F      G
               +--------+--------+--------+--------+--------+-----+--------+
         Total |   3493 |   3412 |     81 |      4 |   3059 |   4 |  873.2 |
       Dungeon |   3493 |   3412 |     81 |      4 |   3059 |   4 |  873.2 |
               +--------+--------+--------+--------+--------+-----+--------+

Top non-repeatable levels by time:
     D:1: 1464 daAuts
     D:2: 1225 daAuts
     D:3: 725 daAuts
     D:4: 78 daAuts
